 Dungeon Crawl Stone Soup version 0.29-a0-542-g075992c915 (webtiles) character file.

Game seed: 17942831826931938461

1 oldriver the Sneak (level 1, -1/19 HPs)
             Began as a Palentonga Delver on June 4, 2022.
             Slain by an ufetubus (4 damage)
             ... on level 3 of the Dungeon.
             The game lasted 00:00:13 (20 turns).

oldriver the Sneak (Palentonga Delver)                Turns: 20, Time: 00:00:14

Health: -1/19      AC:  4    Str: 15    XL:     1   Next: 16%
Magic:  1/1        EV:  9    Int: 10    God:
Gold:   0          SH:  0    Dex: 11    Spells: 0/0 levels left

rFire   . . .      SeeInvis +   a - +0 hand axe
rCold   . . .      Faith    .   (no shield)
rNeg    . . .      Spirit   .   b - +0 leather armour
rPois   .          Reflect  .   (no helmet)
rElec   .          Harm     .   (no cloak)
rCorr   .          Rampage  .   (no gloves)
Will    .....                   (no barding)
Stlth   ++........              (no amulet)
HPRegen 0.06/turn               (no ring)
MPRegen 0.07/turn               (no ring)

@: no status effects
A: large, rugged brown scales 3, see invisible, deformed body, roll 1, armoured
tail
a: Rolling Charge


You were on level 3 of the Dungeon.
You visited 1 branch of the dungeon, and saw 3 of its levels.

Inventory:

Hand Weapons
 a - a +0 hand axe (weapon)
Armour
 b - a +0 leather armour (worn)
Wands
 g - a wand of digging (3)
Scrolls
 c - a scroll of fog
 d - a scroll of magic mapping
 e - a scroll of fear
Potions
 f - a potion of haste


   Skills:
 + Level 3.0 Fighting
 * Level 2.1 Axes
 - Level 1.5 Dodging
 - Level 3.3 Stealth


You couldn't memorise any spells.
You didn't know any spells.
Your spell library was empty.

Dungeon Overview and Level Annotations

Branches:
Dungeon (5/15)
 Temple: D:4-7

Altars:


Innate Abilities, Weirdness & Mutations

You are completely covered in rugged brown scales. (AC +3, +7% HP)
You have supernaturally acute eyesight. (SInv)
Armour fits poorly on your strangely shaped body.
You can roll at nearby foes to attack.
You have a long armoured tail.


Message History

You hear a shout!
The ufetubus completely misses you. The ufetubus barely misses you.
You see here a giant cockroach corpse.
The ufetubus hits you. x2
The ufetubus attacks as you move away! The ufetubus hits you.
The ufetubus hits you but does no damage.
The ufetubus attacks as you move away! The ufetubus hits you.
The ufetubus barely misses you.
A kobold comes into view. It is wielding a +0 whip.
The ufetubus barely misses you.
The ufetubus hits you but does no damage.
The ufetubus attacks as you move away!
The ufetubus hits you but does no damage.
The ufetubus closely misses you.
The ufetubus hits you but does no damage. x2
There is a stone staircase leading up here.
The ufetubus hits you but does no damage.
The ufetubus barely misses you.
You climb upwards.
Found a falchion.
There is a stone staircase leading down here.
You barely miss the ufetubus. The ufetubus hits you. x2
The ufetubus hits you but does no damage.
The ufetubus barely misses you.
You barely miss the ufetubus. The ufetubus barely misses you.
The ufetubus hits you but does no damage.
A quokka comes into view.
The ufetubus barely misses you.
The ufetubus hits you but does no damage.
You miss the ufetubus. The ufetubus closely misses you. The ufetubus hits you.
* * * LOW HITPOINT WARNING * * *
The ufetubus hits you but does no damage. x2
You hit the ufetubus.
The ufetubus is lightly wounded.
The ufetubus barely misses you.
The ufetubus hits you but does no damage.
You barely miss the ufetubus.
Your tail-slap misses the ufetubus.
The ufetubus is lightly wounded.
The ufetubus hits you.
You die...

... .. ).###
##... ....
#.###..###
#........##.#
#5@.....#
##.#.##.# #..
.. .... ..#
..... .#
#...... #
#.......
#.......#


You could see an ufetubus.

Vanquished Creatures
  A giant cockroach (D:4)
1 creature vanquished.

Notes
Turn   | Place    | Note
-------+----------+-------------------------------------------
     0 | D:5      | oldriver the Palentonga Delver began the quest for the Orb.
     0 | D:5      | Reached XP level 1. HP: 19/19 MP: 1/1
    20 | D:3      | Slain by an ufetubus

Illustrated notes

Levels and vault maps discovered:
D:3:      layout_loops_cross
D:4:      layout_cave_pools, gammafunk_ghost_icy, serial_undead,
          serial_undead_f, serial_undead_a, serial_undead_f, serial_undead_d,
          serial_undead_d, grunt_ministairs_6, kennysheep_pointless_box,
          uniq_blork_the_orc
D:5:      layout_rooms, minmay_temple_entry_tees, lexackson_kobold_supper

Action                   || total
-------------------------++-------
Melee: Hand axe          ||     7
       Tailslap          ||     1
 Abil: Rolling Charge    ||     2
Armor: Leather armour    ||    12
Dodge: Dodged            ||    11

Table legend: (Time is in decaauts)
 A = Elapsed time spent in this place.
 B = Non-inter-level travel time spent in this place.
 C = Inter-level travel time spent in this place.
 D = Time resting spent in this place.
 E = Time spent auto-exploring this place.
 F = Levels seen in this place.
 G = Mean time per level.
                   A        B        C        D        E       F      G
               +--------+--------+--------+--------+--------+-----+--------+
         Total |     20 |     20 |      0 |      0 |      0 |   3 |    6.7 |
       Dungeon |     20 |     20 |      0 |      0 |      0 |   3 |    6.7 |
               +--------+--------+--------+--------+--------+-----+--------+

Top non-repeatable levels by time:
     D:4: 11 daAuts
     D:3: 5 daAuts
     D:5: 4 daAuts
